 Dungeon Crawl Stone Soup version 0.28.0-45-g0d030f2227 (webtiles) character file.

Game seed: 1639415764054033095

2288 MisterFreud the Cutter (level 9, -7/111 HPs)
             Began as a Gnoll Cinder Acolyte on Mar 30, 2022.
             Was a High Priest of Ignis.
             Mangled by Joseph
             ... wielding a +0 quarterstaff
              (15 damage)
             ... on level 7 of the Dungeon.
             The game lasted 00:11:44 (7956 turns).

MisterFreud the Cutter (Gnoll Cinder Acolyte)       Turns: 7956, Time: 00:11:45

Health: -7/111     AC:  7    Str: 12 (13) XL:     9   Next: 39%
Magic:  14/16      EV: 12    Int: 21 (24) God:    Ignis [*****.]
Gold:   6          SH:  0    Dex:  7 (8)  Spells: 16/18 levels left

rFire   + . .      SeeInvis .   p - +4 quarterstaff (freeze)
rCold   . . .      Faith    .   (shield currently unavailable)
rNeg    . . .      Spirit   .   b - +0 robe
rPois   +          Reflect  .   (no helmet)
rElec   .          Harm     .   z - +1 cloak
rCorr   .          Rampage  .   l - +2 pair of gloves
Will    .....                   (no boots)
Stlth   ..........              (no amulet)
HPRegen 0.28/turn               j - +6 ring of intelligence
MPRegen 0.15/turn               u - ring of poison resistance

@: brilliant, berserking, attractive, very quick
A: fangs 1, strong nose, distributed training
a: Renounce Religion, Fiery Armour, Foxfire Swarm, Rising Flame


You were on level 7 of the Dungeon.
You worshipped Ignis.
Ignis was extremely pleased with you.
You visited 2 branches of the dungeon, and saw 8 of its levels.

You collected 273 gold pieces.
You spent 267 gold pieces at shops.

Inventory:

Hand Weapons
 a - a -1 short sword of flaming
 h - a +0 dagger of speed
 o - a +1 mace of holy wrath
 p - a +4 quarterstaff of freezing (weapon)
Missiles
 f - 14 poisoned darts (quivered)
 E - 6 curare-tipped darts
Armour
 b - a +0 robe (worn)
 d - a +0 buckler
 l - a +2 pair of gloves (worn)
 z - a +1 cloak (worn)
Jewellery
 j - a +6 ring of intelligence (left hand)
 u - a ring of poison resistance (right hand)
 y - a +4 ring of evasion
 G - a +4 ring of protection
Wands
 q - a wand of acid (7)
 r - a wand of polymorph (10)
Scrolls
 c - 2 scrolls of summoning
 g - a scroll of brand weapon
 i - a scroll of magic mapping
 A - 3 scrolls of blinking
 C - 2 scrolls of teleportation
 D - a scroll of fear
 F - a scroll of enchant armour
Potions
 e - 2 potions of might
 k - a potion of curing
 m - a potion of ambrosia
 n - 3 potions of degeneration
 s - a potion of attraction
 t - 3 potions of mutation
 v - a potion of brilliance
 x - 2 potions of haste
 B - a potion of heal wounds {unknown}


   Skills:
 + Level 7.9 Fighting
 + Level 7.9 Short Blades
 + Level 4.2 Long Blades
 + Level 4.2 Axes
 + Level 4.2 Maces & Flails
 + Level 4.2 Polearms
 + Level 4.2 Staves
 + Level 4.2 Slings
 + Level 4.2 Bows
 + Level 4.2 Crossbows
 + Level 4.2 Throwing
 + Level 4.2 Armour
 + Level 4.2 Dodging
 + Level 4.2 Stealth
 + Level 4.2 Shields
 + Level 4.2 Unarmed Combat
 + Level 5.1 Spellcasting
 + Level 3.4 Conjurations
 + Level 3.4 Hexes
 + Level 3.4 Summonings
 + Level 3.4 Necromancy
 + Level 3.4 Translocations
 + Level 3.4 Transmutations
 + Level 6.5 Fire Magic
 + Level 3.4 Ice Magic
 + Level 3.4 Air Magic
 + Level 3.4 Earth Magic
 + Level 3.4 Poison Magic
 + Level 4.6 Invocations
 + Level 4.2 Evocations


You had 16 spell levels left.
You knew the following spells:

 Your Spells              Type           Power      Damage    Failure   Level
a - Scorch                Fire           98%        2d9       1%          2

Your spell library contained the following spells:

 Spells                   Type           Power      Damage    Failure   Level
 Animate Skeleton         Necr           58%        N/A       2%          1
 Apportation              Tloc           58%        N/A       2%          1
 Sting                    Tmut/Pois      100%       1d8       2%          1
 Summon Small Mammal      Summ           100%       N/A       2%          1
 Corpse Rot               Necr/Air       58%        N/A       3%          2
 Poisonous Vapours        Pois/Air       58%        N/A       3%          2
 Airstrike                Air            14%        N/A       26%         4
 Olgreb's Toxic Radiance  Pois           29%        N/A       26%         4
 Summon Lightning Spire   Summ/Air       29%        N/A       26%         4
 Lightning Bolt           Conj/Air       14%        1d28      56%         5


Dungeon Overview and Level Annotations

Branches:
Dungeon (7/15)             Temple (1/1) D:6

Altars:
Ashenzari
Gozag
Makhleb
Xom
Zin
The Shining One

Shops:
D:2 (   D:6 *[?[=

Annotations:
D:3 Natasha
D:7 Joseph


Innate Abilities, Weirdness & Mutations

You have very sharp teeth.
Your uncanny sense of smell can sniff out nearby items.
Your experience applies equally to all skills.


Message History

You kill the jelly!
Joseph shoots a sling bullet.
The sling bullet hits you!
You start resting.
Joseph is nearby!
Joseph unwields a +1 vorpal hunting sling.
Joseph wields a +0 quarterstaff.
Joseph hits you with a +0 quarterstaff!
You closely miss Joseph. Joseph hits you but does no damage.
You hit Joseph. You freeze Joseph.
Joseph is lightly wounded.
Joseph hits you with a +0 quarterstaff!
* * * LOW HITPOINT WARNING * * *
You closely miss Joseph. You bite Joseph, but do no damage.
Joseph is lightly wounded.
Joseph hits you with a +0 quarterstaff.
* * * LOW HITPOINT WARNING * * *
It was a potion of degeneration.
There was something very wrong with that liquid.
You feel weakened.
You feel dopey.
You feel clumsy. Joseph closely misses you.
It was a potion of attraction.
You feel attractive to monsters. Joseph hits you with a +0 quarterstaff!
* * * LOW HITPOINT WARNING * * *
It was a potion of curing.
You feel better. Joseph barely misses you.
It was a potion of brilliance.
You feel clever all of a sudden. Joseph hits you with a +0 quarterstaff!
* * * LOW HITPOINT WARNING * * *
It was a potion of berserk rage.
A red film seems to cover your vision as you go berserk!
You feel yourself moving faster!
You feel mighty! Joseph hits you with a +0 quarterstaff.
* * * LOW HITPOINT WARNING * * *
You hit Joseph but do no damage. Your bite misses Joseph.
Joseph is lightly wounded.
Joseph barely misses you.
You sock Joseph! You freeze Joseph.
Joseph is moderately wounded.
Joseph hits you with a +0 quarterstaff!
You die...

####### ......# ......#
#. †.....# #. ......####
#..######### .........#
#..#........
.........####..#........
...........##....@.....#
.........#.##...@#
.........#.#####.#
######...#.......#
#...######### #...#
#####


You could see Joseph.

Vanquished Creatures
  Grinder (D:4)
  2 water moccasins
  2 sky beasts
  3 ogres
  A bullfrog (D:7)
  A scorpion (D:4)
  A water moccasin zombie (D:6)
  2 water moccasin skeletons
  7 wights
  3 howler monkeys
  A bullfrog zombie (D:5)
  4 hounds
  Crazy Yiuf (D:2)
  A bullfrog skeleton (D:6)
  2 orc priests (D:5)
  3 jellies
  Jessica (D:3)
  A centaur skeleton (D:4)
  Terence (D:3)
  Natasha (twice) (D:3)
  An iguana (D:4)
  2 orc wizards (D:6)
  2 killer bee zombies
  8 adders
  A white imp (D:6)
  3 adder skeletons (D:4)
  2 worms
  2 dart slugs (D:2)
  5 orcs
  8 ball pythons
  3 endoplasms (D:2)
  4 giant cockroaches (D:1)
  5 goblins
  8 hobgoblins
  7 jackals
  4 quokkas
  3 bats
  3 frilled lizards
  8 kobolds
  2 rats
121 creatures vanquished.

Vanquished Creatures (others)
  A quokka (D:7)
  2 fungi
  A plant (D:1)
4 creatures vanquished.

Grand Total: 125 creatures vanquished

Notes
Turn   | Place    | Note
-------+----------+-------------------------------------------
     0 | D:1      | MisterFreud the Gnoll Cinder Acolyte began the quest for
                  | the Orb.
     0 | D:1      | Reached XP level 1. HP: 23/23 MP: 4/4
   312 | D:1      | Reached XP level 2. HP: 29/29 MP: 5/5
   315 | D:1      | Learned a level 2 spell: Scorch
   584 | D:1      | Found a faded altar of an unknown god.
  1011 | D:1      | Reached XP level 3. HP: 35/35 MP: 4/7
  1302 | D:2      | Reached skill level 1 in Invocations
  1716 | D:2      | Found Keich's Weapon Shoppe.
  1736 | D:2      | Reached skill level 1 in Long Blades
  1736 | D:2      | Reached skill level 1 in Axes
  1736 | D:2      | Reached skill level 1 in Maces & Flails
  1736 | D:2      | Reached skill level 1 in Polearms
  1736 | D:2      | Reached skill level 1 in Staves
  1736 | D:2      | Reached skill level 1 in Slings
  1736 | D:2      | Reached skill level 1 in Bows
  1736 | D:2      | Reached skill level 1 in Crossbows
  1736 | D:2      | Reached skill level 1 in Throwing
  1736 | D:2      | Reached skill level 1 in Armour
  1736 | D:2      | Reached skill level 1 in Dodging
  1736 | D:2      | Reached skill level 1 in Stealth
  1736 | D:2      | Reached skill level 1 in Shields
  1736 | D:2      | Reached skill level 1 in Unarmed Combat
  1736 | D:2      | Reached skill level 1 in Evocations
  1862 | D:2      | Reached XP level 4. HP: 41/41 MP: 3/8
  2144 | D:2      | Found a runed translucent door.
  2145 | D:2      | Noticed Crazy Yiuf
  2151 | D:2      | Killed Crazy Yiuf
  2228 | D:3      | Noticed Jessica
  2231 | D:3      | Reached skill level 1 in Conjurations
  2231 | D:3      | Reached skill level 1 in Hexes
  2231 | D:3      | Reached skill level 1 in Summonings
  2231 | D:3      | Reached skill level 1 in Necromancy
  2231 | D:3      | Reached skill level 1 in Translocations
  2231 | D:3      | Reached skill level 1 in Transmutations
  2231 | D:3      | Reached skill level 1 in Ice Magic
  2231 | D:3      | Reached skill level 1 in Air Magic
  2231 | D:3      | Reached skill level 1 in Earth Magic
  2231 | D:3      | Reached skill level 1 in Poison Magic
  2234 | D:3      | Noticed Terence
  2241 | D:3      | Killed Terence
  2242 | D:3      | Killed Jessica
  2243 | D:3      | Reached XP level 5. HP: 47/47 MP: 5/9
  2294 | D:3      | Noticed a water moccasin
  2306 | D:3      | Killed a water moccasin
  2307 | D:3      | Reached XP level 6. HP: 15/53 MP: 1/11
  2986 | D:3      | Noticed Natasha
  2989 | D:3      | Killed Natasha
  3338 | D:3      | Noticed Natasha
  3345 | D:3      | Killed Natasha
  3569 | D:3      | Noticed Natasha
  3578 | D:4      | Reached XP level 7. HP: 56/59 MP: 7/12
  4205 | D:4      | Found a large runed translucent door.
  4209 | D:4      | Found a large runed translucent door.
  4225 | D:4      | Noticed Grinder
  4234 | D:4      | Killed Grinder
  4794 | D:4      | Reached XP level 8. HP: 65/67 MP: 10/14
  4839 | D:4      | Found a glowing golden altar of the Shining One.
  4848 | D:4      | Found a broken altar of Ashenzari.
  4894 | D:5      | Entered Level 5 of the Dungeon
  5968 | D:6      | Found a glowing silver altar of Zin.
  5968 | D:6      | Found a burning altar of Makhleb.
  5969 | D:6      | Noticed a blizzard demon
  5969 | D:6      | Noticed an angel
  6044 | D:6      | Found Wajow's Magic Scroll Shop.
  6053 | D:6      | Bought a scroll of teleportation for 33 gold pieces
  6053 | D:6      | Bought a scroll of fear for 38 gold pieces
  6053 | D:6      | Bought a scroll of teleportation for 33 gold pieces
  6053 | D:6      | Bought a scroll of blinking for 82 gold pieces
  6125 | D:6      | Found a staircase to the Ecumenical Temple.
  6232 | Temple   | Entered the Ecumenical Temple
  6536 | Temple   | Reached XP level 9. HP: 25/65 MP: 6/16
  6766 | D:6      | Found Zumopris's Jewellery Boutique.
  6977 | D:6      | Found Wekeehau's Antique Armour Emporium.
  7008 | D:6      | Found Dices's Assorted Antiques.
  7011 | D:6      | Bought an emerald potion for 26 gold pieces
  7011 | D:6      | Bought a glowing silvery potion for 26 gold pieces
  7153 | D:6      | Found Bafaarhu's Armour Emporium.
  7283 | D:6      | Bought a scroll labelled KIEW JUICOSTANK for 29 gold pieces
  7478 | D:7      | Reached skill level 5 in Spellcasting
  7939 | D:7      | Noticed Joseph
  7951 | D:7      | HP: 3/74 [Joseph/+0 quarterstaff (9)]
  7956 | D:7      | Mangled by Joseph

Illustrated notes

Levels and vault maps discovered:
D:1:      minmay_arrival_up_and_down, layout_loops_ring,
          shapermc_ecumenical_altar_mp_ritualfount
D:2:      layout_rooms, serial_shops, shop_coins, minmay_pentomino_q4,
          uniq_crazy_yiuf_cottage
D:3:      layout_basic, uniq_terence, uniq_natasha, uniq_jessica
D:4:      layout_loops_corners, jmf_multi_god_temple2, uniq_grinder
D:5:      layout_basic, amcnicky_mini_rare_corridor_liquid, amethyst_killhole
D:6:      layout_basic, grunt_temple_overflow_order_and_chaos_2,
          minmay_temple_entry_trees, serial_shops, shop_scrolls,
          nicolae_take_the_stairs, kennysheep_mini, kennysheep_mini_moat,
          nicolae_stop_n_shop_2
D:7:      layout_basic, elyvilon_altar_4, serial_shops, nicolae_diamond_shop,
          uniq_joseph
Temple:   nicolae_temple_elliptical

Skill      XL: |  1  2  3  4  5  6  7  8  9 |
---------------+----------------------------+-----
Invocations    | 1 2 3 4 |  4.6
Long Blades    | 1 2 3 4 |  4.2
Axes           | 1 2 3 4 |  4.2
Maces & Flails | 1 2 3 4 |  4.2
Polearms       | 1 2 3 4 |  4.2
Staves         | 1 2 3 4 |  4.2
Slings         | 1 2 3 4 |  4.2
Bows           | 1 2 3 4 |  4.2
Crossbows      | 1 2 3 4 |  4.2
Throwing       | 1 2 3 4 |  4.2
Armour         | 1 2 3 4 |  4.2
Dodging        | 1 2 3 4 |  4.2
Stealth        | 1 2 3 4 |  4.2
Shields        | 1 2 3 4 |  4.2
Unarmed Combat | 1 2 3 4 |  4.2
Evocations     | 1 2 3 4 |  4.2
Spellcasting   | 3 4 5 |  5.1
Conjurations   | 1 2 3 |  3.4
Hexes          | 1 2 3 |  3.4
Summonings     | 1 2 3 |  3.4
Necromancy     | 1 2 3 |  3.4
Translocations | 1 2 3 |  3.4
Transmutations | 1 2 3 |  3.4
Ice Magic      | 1 2 3 |  3.4
Air Magic      | 1 2 3 |  3.4
Earth Magic    | 1 2 3 |  3.4
Poison Magic   | 1 2 3 |  3.4
Fighting       | 7 |  7.9
Short Blades   | 7 |  7.9
Fire Magic     | 6 |  6.5

Action                   |  1- 3 |  4- 6 |  7- 9 || total
-------------------------+-------+-------+-------++-------
Melee: Short sword       |    42 |    10 |       ||    52
       Bite              |     1 |     3 |     6 ||    10
       Unarmed           |       |     8 |       ||     8
       Quarterstaff      |       |     1 |    66 ||    67
Throw: Dart              |       |       |     9 ||     9
 Cast: Scorch            |    32 |    35 |   110 ||   177
  Use: Scroll            |       |     6 |     7 ||    13
       Potion            |       |       |     5 ||     5
 Stab: Sleeping          |       |     1 |       ||     1
Armor: Robe              |    13 |     3 |    38 ||    54
       Skin              |       |     2 |       ||     2
Dodge: Dodged            |    30 |    14 |    48 ||    92
Block: Buckler           |     1 |     2 |       ||     3
